 Dungeon Crawl Stone Soup version 0.24.0-10-g970556be89 (webtiles) character file.

Game seed: 6729298834351004869, levelgen mode: deterministic

467 DavidChitty2 the Covert (level 7, -4/78 HPs)
             Began as a Gnoll Wanderer on Nov 3, 2019.
             Slain by Natasha (7 damage)
             ... on level 3 of the Dungeon.
             The game lasted 00:05:14 (3616 turns).

DavidChitty2 the Covert (Gnoll Wanderer)            Turns: 3616, Time: 00:05:14

Health: -4/78      AC:  6    Str: 20    XL:     7   Next: 8%
Magic:  10/10      EV: 12    Int: 15    God:
Gold:   75         SH:  0    Dex: 15    Spells: 9/10 levels left

rFire    . . .     SeeInvis .   a - +0 dagger (venom)
rCold    . . .     Gourm    .   (no shield)
rNeg     . . .     Faith    .   g - +0 ring mail
rPois    .         Spirit   .   k - +0 hat
rElec    .         Reflect  .   j - +0 cloak
rCorr    .         Harm     .   (no gloves)
MR       .....                  (no boots)
Stlth    ..........             (no amulet)
HPRegen  0.23/turn              (no ring)
MPRegen  0.12/turn              (no ring)

@: berserking, very quick
A: distributed training, fangs 1, strong nose
a: no special abilities


You were on level 3 of the Dungeon.
You were not hungry.

You visited 1 branch of the dungeon, and saw 3 of its levels.

You collected 75 gold pieces.

Inventory:

Hand Weapons
 a - a +0 dagger of venom (weapon)
   (You found it on level 2 of the Dungeon)
 b - a +3 hunting sling
   (You found it on level 1 of the Dungeon)
Missiles
 h - 75 stones (quivered)
Armour
 g - a +0 ring mail (worn)
   (You found it on level 1 of the Dungeon)
 j - a +0 cloak (worn)
   (You found it on level 1 of the Dungeon)
 k - a +0 hat (worn)
   (You found it on level 1 of the Dungeon)
Scrolls
 d - 3 scrolls of teleportation {unknown}
 f - a scroll of fear
 i - 5 scrolls of remove curse {unknown}
 l - a scroll of blinking {unknown}
 n - 2 scrolls of magic mapping {unknown}
 r - a scroll of fog {unknown}
 s - 3 scrolls of identify {unknown}
 v - a scroll of amnesia {unknown}
 w - a scroll of enchant weapon {unknown}
 x - a scroll of noise {unknown}
 y - 2 scrolls of enchant armour {unknown}
 z - a scroll of immolation {unknown}
Potions
 m - a potion of lignification {unknown}
 p - a potion of agility {unknown}
 t - a potion of flight {unknown}
 u - a potion of brilliance {unknown}
Comestibles
 e - 7 rations {!d}


   Skills:
 + Level 3.4 Fighting
 + Level 2.2 Short Blades
 + Level 2.2 Long Blades
 + Level 2.2 Axes
 + Level 2.2 Maces & Flails
 + Level 3.4 Polearms
 + Level 2.2 Staves
 + Level 2.2 Slings
 + Level 2.2 Bows
 + Level 2.2 Crossbows
 + Level 2.2 Throwing
 + Level 2.2 Armour
 + Level 2.2 Dodging
 + Level 8.1 Stealth
 + Level 2.2 Shields
 + Level 2.2 Unarmed Combat
 + Level 2.2 Spellcasting
 + Level 1.8 Conjurations
 + Level 1.8 Hexes
 + Level 1.8 Charms
 + Level 1.8 Summonings
 + Level 4.2 Necromancy
 + Level 1.8 Translocations
 + Level 1.8 Transmutations
 + Level 1.8 Fire Magic
 + Level 1.8 Ice Magic
 + Level 1.8 Air Magic
 + Level 2.8 Earth Magic
 + Level 1.8 Poison Magic
 + Level 2.4 Invocations
 + Level 3.4 Evocations


You had 9 spell levels left.
You knew the following spells:

 Your Spells              Type           Power        Failure   Level  Hunger
a - Pain                  Necr           ##..         6%          1    #......

Your spell library contained the following spells:

 Spells                   Type           Power        Failure   Level  Hunger
 Animate Skeleton         Necr           N/A          6%          1    #......
 Apportation              Tloc           #.....       17%         1    #......
 Confusing Touch          Hex            #.....       17%         1    #......
 Summon Small Mammal      Summ           #...         17%         1    #......
 Regeneration             Chrm/Necr      ##........   32%         3    ###....


Dungeon Overview and Level Annotations

Branches:
Dungeon (3/15)

Altars:
Makhleb

Annotations:
D:3 Natasha


Innate Abilities, Weirdness & Mutations

Your experience applies equally to all skills.
You have very sharp teeth.
Your uncanny sense of smell can sniff out nearby items.


Message History

The iron imp closely misses you.
You closely miss the iron imp.
The white imp disappears in a puff of smoke!
Natasha howls an incantation.
You feel troubled. The iron imp misses you.
You hit the iron imp but do no damage. You hit the iron imp but do no damage.
The iron imp hits you!
* * * LOW HITPOINT WARNING * * *
You hit the iron imp but do no damage.
The iron imp is poisoned.
The iron imp hits you but does no damage.
You hit the iron imp. The iron imp hits you.
* * * LOW HITPOINT WARNING * * *
You feel better.
You hit the iron imp but do no damage.
The iron imp looks more healthy.
The iron imp misses you.
Natasha howls an incantation.
You feel troubled.
The shadow imp laughs crazily.
You hit the iron imp but do no damage.
You bite the iron imp, but do no damage.
The iron imp closely misses you.
You hit the iron imp. You hit the iron imp but do no damage.
The iron imp closely misses you.
You hit the iron imp but do no damage. The iron imp misses you.
You hit the iron imp but do no damage.
You bite the iron imp, but do no damage.
The iron imp hits you.
* * * LOW HITPOINT WARNING * * *
You hit the iron imp but do no damage.
Natasha mumbles some strange words.
You hit the iron imp but do no damage.
The iron imp disappears in a puff of smoke!
Natasha casts a spell.
Unknown command.
The shadow imp gestures at you. Pain shoots through your body!
* * * LOW HITPOINT WARNING * * *
Natasha barely misses you.
You see here 3 stones.
You hit Natasha but do no damage.
Natasha is poisoned.
It was a potion of berserk rage.
A red film seems to cover your vision as you go berserk!
You feel yourself moving faster!
You feel mighty! Natasha barely misses you. The shadow imp hits you.
* * * LOW HITPOINT WARNING * * *
You barely miss Natasha. Your punch misses Natasha.
The crimson imp hits you but does no damage.
Natasha claws you!
You die...

# #......#........# ##
##........##.#####
.####.....)...##.# ####
.............###.# #########...
...........^)# #.# ###...........
........##(.####.###.....######..
........#..(...........### ###.
............#..5######## ####...
...#.......###.h@...# ####....##
..###..รท...#...5###.####....#####
....##.........## #...##.########
#..###.....#...## ###....# #...
#.####.....#....## ##....#####...
#.#........#.....###..##.........
#...###....#...#.##..#########...
#.### #....#...#....### #... #.#
############....########..)


You could see Natasha, a crimson imp and a shadow imp.

Vanquished Creatures
  Grinder (D:3)
  A bullfrog (D:3)
  Natasha (twice) (D:3)
  A worker ant (D:3)
  3 adders (D:3)
  A gnoll (D:1)
  An ooze (D:3)
  4 worms
  5 dart slugs
  2 leopard geckos
  8 orcs
  6 giant cockroaches
  4 goblins
  8 hobgoblins
  A quokka (D:3)
  2 ball pythons
  10 bats
  5 frilled lizards
  5 kobolds
  7 rats
77 creatures vanquished.

Notes
Turn   | Place    | Note
-------+----------+-------------------------------------------
     0 | D:1      | DavidChitty2 the Gnoll Wanderer began the quest for the
                  | Orb.
     0 | D:1      | DavidChitty2 set off with the following items: a +2 dagger,
                  | a scroll of fear, a +0 quarterstaff, a ration {!d}, a +0
                  | robe; and the following spell memorised: Pain; and the
                  | following spells available to memorise: Regeneration
     0 | D:1      | Reached XP level 1. HP: 17/17 MP: 2/2
   114 | D:1      | Reached XP level 2. HP: 5/23 MP: 3/3
   116 | D:1      | HP: 1/23 [hobgoblin (4)]
   778 | D:1      | Reached XP level 3. HP: 16/28 MP: 4/4
  1719 | D:2      | Reached skill level 1 in Invocations
  2078 | D:2      | Reached skill level 1 in Short Blades
  2078 | D:2      | Reached skill level 1 in Long Blades
  2078 | D:2      | Reached skill level 1 in Axes
  2078 | D:2      | Reached skill level 1 in Maces & Flails
  2078 | D:2      | Reached skill level 1 in Staves
  2078 | D:2      | Reached skill level 1 in Slings
  2078 | D:2      | Reached skill level 1 in Bows
  2078 | D:2      | Reached skill level 1 in Crossbows
  2078 | D:2      | Reached skill level 1 in Throwing
  2078 | D:2      | Reached skill level 1 in Armour
  2078 | D:2      | Reached skill level 1 in Dodging
  2078 | D:2      | Reached skill level 1 in Shields
  2078 | D:2      | Reached skill level 1 in Unarmed Combat
  2078 | D:2      | Reached skill level 1 in Spellcasting
  2092 | D:2      | Reached XP level 4. HP: 34/34 MP: 6/6
  2126 | D:2      | Found a burning altar of Makhleb.
  2744 | D:3      | Reached skill level 1 in Conjurations
  2744 | D:3      | Reached skill level 1 in Hexes
  2744 | D:3      | Reached skill level 1 in Charms
  2744 | D:3      | Reached skill level 1 in Summonings
  2744 | D:3      | Reached skill level 1 in Translocations
  2744 | D:3      | Reached skill level 1 in Transmutations
  2744 | D:3      | Reached skill level 1 in Fire Magic
  2744 | D:3      | Reached skill level 1 in Ice Magic
  2744 | D:3      | Reached skill level 1 in Air Magic
  2744 | D:3      | Reached skill level 1 in Poison Magic
  2768 | D:3      | Reached XP level 5. HP: 40/40 MP: 7/7
  2793 | D:3      | Noticed Natasha
  2800 | D:3      | Killed Natasha
  2905 | D:3      | Noticed Natasha
  2915 | D:3      | Killed Natasha
  3122 | D:3      | Reached skill level 8 in Stealth
  3122 | D:3      | Reached XP level 6. HP: 47/47 MP: 8/8
  3229 | D:3      | Noticed Grinder
  3240 | D:3      | Paralysed by Grinder for 3 turns
  3266 | D:3      | Killed Grinder
  3266 | D:3      | Reached XP level 7. HP: 35/52 MP: 8/10
  3580 | D:3      | Noticed Natasha
  3615 | D:3      | HP: 3/78 [shadow imp[Natasha] (2)]
  3616 | D:3      | Slain by Natasha

Levels and vault maps discovered:
D:1:      dpeg_arrival_signposts, layout_rooms
D:2:      layout_loops_ring, minmay_hexomino_r4
D:3:      layout_rooms, first_ration, kennysheep_decorative_pillar,
          kennysheep_crisscross, kennysheep_generic_room_12, uniq_natasha,
          uniq_grinder

Skill      XL: |  1  2  3  4  5  6 |
---------------+-------------------+-----
Earth Magic    | 2 |  2.8
Invocations    | 1 2 |  2.4
Short Blades   | 1 2 |  2.2
Long Blades    | 1 2 |  2.2
Axes           | 1 2 |  2.2
Maces & Flails | 1 2 |  2.2
Staves         | 1 2 |  2.2
Slings         | 1 2 |  2.2
Bows           | 1 2 |  2.2
Crossbows      | 1 2 |  2.2
Throwing       | 1 2 |  2.2
Armour         | 1 2 |  2.2
Dodging        | 1 2 |  2.2
Shields        | 1 2 |  2.2
Unarmed Combat | 1 2 |  2.2
Spellcasting   | 1 2 |  2.2
Conjurations   | 1 |  1.8
Hexes          | 1 |  1.8
Charms         | 1 |  1.8
Summonings     | 1 |  1.8
Translocations | 1 |  1.8
Transmutations | 1 |  1.8
Fire Magic     | 1 |  1.8
Ice Magic      | 1 |  1.8
Air Magic      | 1 |  1.8
Poison Magic   | 1 |  1.8
Fighting       | 3 |  3.4
Polearms       | 3 |  3.4
Necromancy     | 4 |  4.2
Evocations     | 3 |  3.4
Stealth        | 8 |  8.1

Action                   |  1- 3 |  4- 6 |  7- 9 || total
-------------------------+-------+-------+-------++-------
Melee: Dagger            |    35 |    11 |    21 ||    67
       Bite              |     2 |     2 |     4 ||     8
 Fire: Hunting sling     |    76 |   115 |    25 ||   216
  Use: Potion            |       |       |     3 ||     3
 Stab: Sleeping          |     2 |       |       ||     2
  Eat: Chunk             |     4 |     3 |     1 ||     8
Armor: Ring mail         |    27 |    14 |     6 ||    47
       Robe              |     1 |       |       ||     1
Dodge: Dodged            |    49 |    19 |    17 ||    85
